 Dungeon Crawl Stone Soup version 0.25-a0-404-gc1b5a34292 (webtiles) character file.

Game seed: 11767567157227387296, levelgen mode: deterministic

10474 ytaras the Basher (level 11, -5/99 HPs)
             Began as a Troll Fighter on Jan 10, 2020.
             Was a Believer of Hepliaklqana.
             Slain by a spiny frog (12 damage)
             ... on level 1 of the Lair of Beasts.
             The game lasted 01:08:26 (9044 turns).

ytaras the Basher (Troll Fighter)                   Turns: 9044, Time: 01:08:26

Health: -5/99      AC:  8    Str: 27    XL:     11   Next: 36%
Magic:  10/10      EV:  9    Int:  4    God:    Hepliaklqana [**....]
Gold:   635        SH: 10    Dex: 11    Spells: 10/10 levels left

rFire    . . .     SeeInvis .   s - +2 flail (protect)
rCold    . . .     Gourm    +   c - +0 shield
rNeg     . . .     Faith    .   u - +2 animal skin
rPois    .         Spirit   .   (helmet restricted)
rElec    .         Reflect  .   (no cloak)
rCorr    .         Harm     .   (gloves unavailable)
MR       .....                  (boots unavailable)
Stlth    ++........             (no amulet)
HPRegen  0.66/turn              (no ring)
MPRegen  0.12/turn              (no ring)

@: lethally poisoned (-5 -> -5)
A: large, unfitting armour, reduced essence, claws 3, fast metabolism 3,
gourmand, regeneration 1, shaggy fur 1, tough skin 3
a: Recall Ancestor, Ancestor Identity, Renounce Religion


You were on level 1 of the Lair of Beasts.
You worshipped Hepliaklqana.
Hepliaklqana was pleased with you.
You were very full.

You visited 2 branches of the dungeon, and saw 12 of its levels.
You also visited: Ossuary.

You collected 635 gold pieces.

Inventory:

Hand Weapons
 a - a +0 morningstar
 s - a +2 flail of protection (weapon)
 K - a +0 flail
 L - a +0 giant club
 N - a +0 mace
 O - a +0 flail
 Q - a +0 flail
Missiles
 d - 2 atropa-tipped darts (quivered)
 J - 160 arrows
Armour
 c - a +0 shield (worn)
 u - a +2 animal skin (worn)
 I - a +0 robe
Jewellery
 g - an uncursed amulet of magic regeneration {unknown}
 y - an uncursed ring of fire {unknown}
 H - an uncursed ring of flight {unknown}
 S - an uncursed amulet of regeneration {unknown}
Wands
 b - a wand of random effects (31)
 p - a wand of clouds (5)
 x - a wand of paralysis (10)
 D - a wand of acid (9)
 E - a wand of polymorph (5)
 T - a wand of digging (3)
Scrolls
 e - 13 scrolls of identify
 h - 2 scrolls of fear
 i - 3 scrolls of remove curse
 n - 3 scrolls of magic mapping
 o - 3 scrolls of immolation
 r - a scroll of teleportation
 t - 4 scrolls of blinking
 w - 2 scrolls of amnesia
 A - 2 scrolls of fog
 G - a scroll of random uselessness
 R - 4 scrolls of enchant weapon
 V - 3 scrolls of enchant armour {unknown}
Potions
 j - a potion of brilliance {unknown}
 k - 5 potions of flight {unknown}
 l - 3 potions of heal wounds
 m - 2 potions of haste {unknown}
 q - 2 potions of invisibility {unknown}
 v - a potion of magic {unknown}
 z - 2 potions of lignification {unknown}
 B - 4 potions of curing {unknown}
 C - 2 potions of mutation {unknown}
 F - a potion of degeneration {unknown}
 M - a potion of agility {unknown}
 P - a potion of ambrosia {unknown}
Comestibles
 f - 16 rations
 U - 3 chunks of flesh


   Skills:
 * Level 8.2 Fighting
 + Level 11.4 Maces & Flails
 + Level 4.9 Throwing
 - Level 2.4 Dodging
 + Level 1.5 Stealth
 + Level 6.1 Shields


You had 10 spell levels left.
You didn't know any spells.
Your spell library contained the following spells:

 Spells                   Type           Power        Failure   Level  Hunger
 Shock                    Conj/Air       #...         71%         1    ##.....
 Swiftness                Chrm/Air       #.......     85%         2    ###....
 Static Discharge         Conj/Air       #.......     97%         3    ####...
 Airstrike                Air            #.........   100%        4    #####..
 Lightning Bolt           Conj/Air       #.........   100%        5    ######.


Dungeon Overview and Level Annotations

Branches:
Dungeon (11/15)            Temple (0/1) D:6            Lair (1/6) D:9
Ossuary (visited)
    Orc: D:9-12

Altars:
Cheibriados
Elyvilon
Fedhas
Gozag
Hepliaklqana
Makhleb
Nemelex Xobeh
Qazlal
Ru
Sif Muna
Trog
Yredelemnul
Zin

Annotations:
D:7 1 runed translucent door, Kagalorn's ghost, novice NaAM
D:8 1 transporter


Innate Abilities, Weirdness & Mutations

You are too large for most types of armour.
You have claws for hands.
Your metabolism is lightning-fast.
You like to eat raw meat.
Your natural rate of healing is unusually fast.
You are covered in fur. (AC +1)
You have extremely tough skin. (AC +3)
Your life essence is reduced to manifest your ancestor. (-10% HP)


Message History

You feel sick.
You feel sick. You block the spiny frog's attack.
You feel sick.
The blink frog blinks!
You block the spiny frog's attack.
You feel sick.
You feel sick.
You feel sick.
You feel sick.
The blink frog blinks!
You feel sick. You block the spiny frog's attack.
You feel sick.
You feel sick.
You feel sick.
You feel sick. The spiny frog barely misses you.
You feel sick.
Amnanu emerges from the mists of memory!
Amnanu barely misses the spiny frog.
The spiny frog misses you.
You feel sick.
Amnanu hits the spiny frog with a +0 quarterstaff.
Amnanu barely misses the spiny frog.
You feel sick. The spiny frog stings you!
You die...

.##############...# ....
................†.# #....
..................# ##...#
..................# ##....#
>.................###......
..................##......#
..........###+##P...P......
########..#................
#...@.....#..........
##.F#.<...#....P.....
#.F#######..........
#.R.................
##..........§........
#..÷........###....##
#..#######..# #######
P#######.# ##.# #
.........# ### #..# ##.


You could see the friendly Amnanu the battlemage and 2 spiny frogs.

Vanquished Creatures
  An unseen horror (D:10)
  Pikel (D:5)
  A cyclops (D:10)
  2 blink frogs (Lair:1)
  Prince Ribbit (D:7)
  A vampire (D:10)
  Sigmund (D:2)
  12 yaks
  A hungry ghost (D:8)
  Edmund (D:6)
  A water moccasin (D:10)
  3 porcupines (D:9)
  A black bear (D:7)
  3 sky beasts
  A necrophage (D:6)
  An eye of draining (D:7)
  3 ogres
  A slave (D:5)
  2 phantoms
  2 centaurs
  2 crocodiles (D:9)
  Blork the orc (D:6)
  8 bullfrogs
  A wyvern skeleton (D:7)
  A scorpion (D:8)
  5 killer bees (D:10)
  2 crimson imps
  A bullfrog zombie (D:8)
  A centaur zombie (D:6)
  3 hounds
  A quasit (D:8)
  2 bullfrog skeletons
  3 jellies
  4 orc wizards
  2 centaur skeletons
  3 iguanas
  4 worker ants
  10 big kobold zombies (Ossuary)
  A hound zombie (D:5)
  2 hound skeletons
  2 mummies
  Robin (D:3)
  A worker ant zombie (D:5)
  4 gnolls
  10 adders
  2 shadow imps
  An adder zombie (D:8)
  3 adder skeletons
  3 worms
  A dart slug (D:4)
  4 leopard geckos
  21 orcs
  3 spectral bats (Ossuary)
  A ball python (D:5)
  5 giant cockroaches
  8 goblins
  8 hobgoblins
  9 jackals
  6 quokkas
  7 bats
  A bat simulacrum (Ossuary)
  7 frilled lizards
  2 gnoll zombies (Ossuary)
  A goblin simulacrum (Ossuary)
  4 goblin zombies (Ossuary)
  3 hobgoblin zombies (Ossuary)
  A kobold (D:1)
  4 kobold simulacra (Ossuary)
  5 kobold zombies (Ossuary)
  6 orc zombies (Ossuary)
  5 rats
  2 rat simulacra (Ossuary)
  2 spectral goblins (Ossuary)
  4 spectral kobolds (Ossuary)
  2 spectral rats (Ossuary)
246 creatures vanquished.

Vanquished Creatures (collateral kills)
  A two-headed ogre (D:9)
  A blink frog (Lair:1)
  A yak (Lair:1)
  A wyvern (D:8)
  A porcupine (D:9)
  2 ice beasts
  An orc warrior (D:10)
  A black bear (D:8)
  A sky beast (D:10)
  An ogre (D:10)
  A centaur (D:7)
  A bullfrog (Lair:1)
  A gnoll sergeant (D:8)
  5 killer bees (D:10)
  4 orc wizards
  A centaur skeleton (D:6)
  A worker ant (D:8)
  A hound zombie (D:10)
  A howler monkey zombie (D:10)
  2 adders (D:10)
  An adder skeleton (D:10)
  3 orcs
  A jackal (D:8)
  A quokka skeleton (D:8)
35 creatures vanquished.

Vanquished Creatures (others)
  A slave (D:5)
  A centaur (D:5)
  A bullfrog (D:6)
  A jelly (D:5)
  An orc priest (D:5)
  A battlemage (Lair:1)
  6 ancestors
  An adder zombie (D:5)
  2 orcs (D:5)
  3 plants (D:9)
18 creatures vanquished.

Grand Total: 299 creatures vanquished

Notes
Turn   | Place    | Note
-------+----------+-------------------------------------------
     0 | D:1      | ytaras the Troll Fighter began the quest for the Orb.
     0 | D:1      | Reached XP level 1. HP: 22/22 MP: 0/0
    54 | D:1      | Reached skill level 2 in Maces & Flails
    54 | D:1      | Reached XP level 2. HP: 11/29 MP: 1/1
   796 | D:2      | Found a sacrificial altar of Ru.
   817 | D:1      | Reached XP level 3. HP: 36/36 MP: 2/2
  1183 | D:2      | Noticed Sigmund
  1279 | D:3      | Found a snail-covered altar of Cheibriados.
  1360 | D:3      | Reached skill level 3 in Maces & Flails
  1365 | D:3      | Reached XP level 4. HP: 45/45 MP: 3/3
  1423 | D:3      | Noticed Robin
  1437 | D:3      | Killed Robin
  2201 | D:2      | Killed Sigmund
  2201 | D:2      | Reached skill level 4 in Maces & Flails
  2201 | D:2      | Reached skill level 1 in Throwing
  2201 | D:2      | Reached XP level 5. HP: 25/53 MP: 4/4
  2304 | D:4      | Reached XP level 6. HP: 61/61 MP: 5/5
  2333 | D:5      | Entered Level 5 of the Dungeon
  2366 | D:5      | Reached skill level 5 in Maces & Flails
  2370 | D:5      | Found a sand-covered staircase.
  2383 | Ossuary  | Entered an ossuary
  2534 | Ossuary  | Reached XP level 7. HP: 64/67 MP: 6/6
  3671 | D:5      | Noticed Pikel
  3691 | D:5      | Killed Pikel
  3691 | D:5      | Reached skill level 6 in Maces & Flails
  3691 | D:5      | Reached XP level 8. HP: 41/79 MP: 7/7
  3844 | D:5      | Reached skill level 7 in Maces & Flails
  3975 | D:5      | Found a hazy altar of Hepliaklqana.
  3975 | D:5      | Found a faded altar of an unknown god.
  3980 | D:5      | Found a faded altar of an unknown god.
  3985 | D:5      | Found a shimmering blue altar of Sif Muna.
  3987 | D:5      | Found a blossoming altar of Fedhas.
  4029 | D:5      | Became a worshipper of Hepliaklqana the Forgotten
  4265 | D:6      | Found a staircase to the Ecumenical Temple.
  4299 | D:6      | Noticed Blork the orc
  4321 | D:6      | Killed Blork the orc
  4412 | D:6      | Found a snail-covered altar of Cheibriados.
  4465 | D:6      | Found a stormy altar of Qazlal.
  4466 | D:6      | Found a bloodstained altar of Trog.
  4466 | D:6      | Found a burning altar of Makhleb.
  4466 | D:6      | Found a sparkling altar of Nemelex Xobeh.
  4601 | D:6      | Found a basalt altar of Yredelemnul.
  4659 | D:7      | Found a runed translucent door.
  4699 | D:6      | Reached skill level 8 in Maces & Flails
  4819 | D:6      | Reached skill level 5 in Fighting
  4819 | D:6      | Reached XP level 9. HP: 79/79 MP: 8/8
  4837 | D:6      | Found a white marble altar of Elyvilon.
  4943 | D:6      | Noticed Edmund
  5023 | D:7      | Noticed Kagalorn's ghost (novice NaAM)
  5246 | D:7      | Noticed Prince Ribbit
  5265 | D:7      | Killed Prince Ribbit
  5302 | D:7      | Reached skill level 9 in Maces & Flails
  5356 | D:7      | Reached * piety under Hepliaklqana
  5578 | D:7      | Found a glowing silver altar of Zin.
  5710 | D:8      | Reached skill level 1 in Stealth
  5904 | D:8      | Found a transporter.
  5967 | D:8      | Identified the +3 ring mail of Luaqydd {rF+ Str-2 Int+5}
  6310 | D:8      | Reached XP level 10. HP: 29/88 MP: 9/9
  6428 | D:8      | Reached skill level 10 in Maces & Flails
  6678 | D:6      | Killed Edmund
  7128 | D:8      | Reached skill level 5 in Shields
  7222 | D:10     | Entered Level 10 of the Dungeon
  7258 | D:9      | Noticed a two-headed ogre
  7451 | D:9      | Found a staircase to the Lair.
  7452 | D:9      | Reached ** piety under Hepliaklqana
  7582 | D:10     | Remembered your ancestor Amnanu as a battlemage
  7712 | D:10     | Killed an unseen horror
  7751 | D:10     | Reached skill level 11 in Maces & Flails
  7839 | D:10     | Found an opulent altar of Gozag.
  8038 | D:10     | Reached XP level 11. HP: 88/98 MP: 10/10
  8742 | D:9      | Killed a two-headed ogre
  8812 | Lair:1   | Entered Level 1 of the Lair of Beasts
  9028 | Lair:1   | HP: 4/99 [poisoned by a spiny frog]
  9034 | Lair:1   | HP: 4/99 [poisoned by a spiny frog]
  9044 | Lair:1   | Slain by a spiny frog

Levels and vault maps discovered:
D:1:      dpeg_arrival_renting, layout_basic
D:2:      layout_basic, nicolae_ru_awakened_eye, first_ration, uniq_sigmund
D:3:      layout_loops_ring, cheibriados_altar_1, kennysheep_generic_room_12,
          uniq_robin
D:4:      wander_river, layout_basic, saegor_snake_ambush
D:5:      layout_basic, chequers_temple_overflow_minitemple,
          nicolae_ossuary_entry_monument, uniq_pikel
D:6:      layout_loops_ring, grunt_temple_overflow_open,
          lemuel_temple_firewalk_b, chei_slow_surprise, uniq_edmund,
          uniq_blork_the_orc
D:7:      layout_basic, zin_statuary, ebering_ghost_reflecting_pool,
          uniq_prince_ribbit1
D:8:      gammafunk_beogh_shrine, layout_loops_ring
D:9:      layout_small_grid, minmay_lair_entry_grove, hangedman_pestilent_swarm
D:10:     layout_roguey, minmay_misc_feat_nine_boxes,
          nicolae_gozag_cash_rules_everything_around_me
D:11:     layout_roguey [special_room_bee], gauntlet_entry_generic, basic_altar
Lair:1:   statuecave_lemuel, layout_chaotic_city, minmay_holes,
          minmay_lair_oklob_chamber, grunt_megastairs_3, lemuel_fruit_fields

Skill      XL: |  1  2  3  4  5  6  7  8  9 10 11 |
---------------+----------------------------------+-----
Maces & Flails | 2 3 4 5 6 8 9 11 | 11.4
Fighting       | 3 4 5 7 8 |  8.2
Throwing       | 1 2 3 4 |  4.9
Shields        | 3 4 5 6 |  6.1
Stealth        | 1 |  1.5
Dodging        | |  2.4

Action                   |  1- 3 |  4- 6 |  7- 9 | 10-12 || total
-------------------------+-------+-------+-------+-------++-------
Melee: Flail             |   126 |   170 |   200 |   255 ||   751
       Morningstar       |       |       |   232 |    23 ||   255
Throw: Boomerang         |    14 |    15 |   132 |       ||   161
       Dart              |       |       |     2 |     9 ||    11
Invok: Ancestor Identity |       |       |     1 |       ||     1
       Ancestor Life: Ba |       |       |       |     1 ||     1
  Use: Scroll            |       |     4 |       |     7 ||    11
       Potion            |       |       |     5 |       ||     5
 Stab: Sleeping          |       |     3 |     1 |     1 ||     5
       Distracted        |       |       |     3 |     1 ||     4
       Invisible         |       |       |       |     1 ||     1
  Eat: Chunk             |    14 |    16 |    45 |    26 ||   101
Armor: Robe              |    75 |     8 |       |       ||    83
       Animal skin       |       |    41 |   129 |   101 ||   271
Dodge: Dodged            |    61 |    50 |   130 |   123 ||   364
Block: Shield            |    71 |    71 |   167 |   162 ||   471

Table legend:
 A = Non-vault XP
 B = Vault XP
 C = Vault XP percentage of total XP
 D = Non-vault monster count
 E = Vault monster count
 F = Vault count percentage of total count
                 A         B        C        D         E       F
            +---------+---------+-------+---------+---------+-------
      Total |   10506 |    4457 |  29.8 |     187 |      94 |  33.5
            +---------+---------+-------+---------+---------+-------
        D:1 |      49 |       0 |   0.0 |      18 |       0 |   0.0
        D:2 |      42 |     223 |  84.2 |      10 |       1 |   9.1
        D:3 |      26 |      39 |  60.0 |      11 |      13 |  54.2
        D:4 |     215 |      41 |  16.0 |      19 |       3 |  13.6
        D:5 |     499 |     641 |  56.2 |      13 |       1 |   7.1
        D:6 |     661 |     283 |  30.0 |      18 |       3 |  14.3
        D:7 |     902 |     259 |  22.3 |      18 |       1 |   5.3
        D:8 |    1908 |     402 |  17.4 |      40 |       2 |   4.8
        D:9 |    1062 |    1619 |  60.4 |       6 |      10 |  62.5
       D:10 |    3680 |     632 |  14.7 |      27 |      10 |  27.0
     Lair:1 |    1462 |       0 |   0.0 |       7 |       0 |   0.0
    Ossuary |       0 |     318 | 100.0 |       0 |      50 | 100.0
            +---------+---------+-------+---------+---------+-------
